 Dungeon Crawl Stone Soup version 0.28-a0-793-g31680bbd8b (webtiles) character file.

Game seed: 17562586248437177565

7 kae the Caller (level 2, 0/20 HPs)
             Began as a Merfolk Summoner on Nov 4, 2021.
             Frozen to death by an endoplasm (4 damage)
             ... on level 1 of the Dungeon.
             The game lasted 00:00:15 (639 turns).

kae the Caller (Merfolk Summoner)                    Turns: 639, Time: 00:00:15

Health: 0/20       AC:  2    Str:  8    XL:     2   Next: 4%
Magic:  4/5        EV: 12    Int: 14    God:
Gold:   9          SH:  0    Dex: 14    Spells: 4/5 levels left

rFire   . . .      SeeInvis .   b - +0 club
rCold   . . .      Faith    .   (no shield)
rNeg    . . .      Spirit   .   a - +0 robe
rPois   .          Reflect  .   (no helmet)
rElec   .          Harm     .   (no cloak)
rCorr   .          Rampage  .   (no gloves)
Will    .....                   (no boots)
Stlth   ++........              (no amulet)
HPRegen 0.06/turn               (no ring)
MPRegen 0.09/turn               (no ring)

@: no status effects
A: (nimble swimmer 2), mertail
a: no special abilities


You were on level 1 of the Dungeon.
You visited 1 branch of the dungeon, and saw 1 of its levels.

You collected 9 gold pieces.

Inventory:

Hand Weapons
 b - a +0 club (weapon)
Armour
 a - a +0 robe (worn)
Scrolls
 c - a scroll of magic mapping {unknown}


   Skills:
 + Level 0.6 Fighting
 - Level 2.6 Dodging
 - Level 2.1 Stealth
 + Level 2.1 Spellcasting
 * Level 4.2 Summonings


You had 4 spell levels left.
You knew the following spells:

 Your Spells              Type           Power      Damage    Failure   Level
a - Summon Small Mammal   Summ           52%        N/A       4%          1

Your spell library contained the following spells:

 Spells                   Type           Power      Damage    Failure   Level
 Call Imp                 Summ           13%        N/A       6%          2
 Call Canine Familiar     Summ           13%        N/A       12%         3
 Summon Guardian Golem    Hex/Summ       7%         N/A       30%         3
 Summon Lightning Spire   Summ/Air       7%         N/A       69%         4


Dungeon Overview and Level Annotations

Branches:
Dungeon (1/15)

Altars:


Innate Abilities, Weirdness & Mutations

((You are quick and stealthy near water. (Stealth+, EV+, Speed+++)))
Your lower body shifts to a powerful aquatic tail in water.


Message History

The bat hits you. The bat hits you but does no damage. The bat misses you.
Casting: Summon Small Mammal (safe; 4% risk of failure)
Confirm with . or Enter, or press ? or * to list all spells.
The bat hits you but does no damage. The bat hits your rat.
The bat closely misses you. The bat closely misses your rat.
The bat hits your rat but does no damage.
Your rat bites the bat.
You hit the bat.
You kill the bat!
No target in view!
You swap places.
You see here a bat corpse.
An endoplasm comes into view.
An endoplasm comes into view.
Found a bubbling black potion.
The endoplasm quivers.
There are monsters nearby!
The endoplasm hits you but does no damage.
There are monsters nearby!
You hit the endoplasm.
The endoplasm is heavily wounded.
Your rat disappears in a puff of smoke!
The endoplasm hits you.
You hit the endoplasm.
The endoplasm is severely wounded.
The endoplasm freezes you.
You are frozen.
The endoplasm barely misses you.
There are monsters nearby!
Casting: Summon Small Mammal (safe; 4% risk of failure)
Confirm with . or Enter, or press ? or * to list all spells.
The endoplasm hits you. The endoplasm freezes you.
You are frozen.
The endoplasm freezes you.
You are frozen.
* * * LOW HITPOINT WARNING * * *
The endoplasm freezes you.
You are frozen.
You die...

#####.#####.#
............# .
#####.#.####### ..
...............
...##########.#.#######
............#.........#
♣♣....r.....#.######..#
♣≈.!............#
♣...J@......#.#
♣P...J....###.#
≈≈≈≈♣....##.....# ≈≈≈
♣....####### ♣ ♣.....
≈.###### ♣.. P#.


You could see 2 endoplasms and a friendly quokka (summoned).

Vanquished Creatures
  An endoplasm (D:1)
  A goblin (D:1)
  A quokka (D:1)
  A bat (D:1)
4 creatures vanquished.

Vanquished Creatures (collateral kills)
  An endoplasm (D:1)
  A kobold (D:1)
2 creatures vanquished.

Grand Total: 6 creatures vanquished

Notes
Turn   | Place    | Note
-------+----------+-------------------------------------------
     0 | D:1      | kae the Merfolk Summoner began the quest for the Orb.
     0 | D:1      | Reached XP level 1. HP: 13/13 MP: 3/3
   404 | D:1      | Reached XP level 2. HP: 11/20 MP: 3/5
   639 | D:1      | Frozen to death by an endoplasm

Illustrated notes

Levels and vault maps discovered:
D:1:      lemuel_arrival_lava_pool, layout_basic, serial_bayou_lake_a

Action                   || total
-------------------------++-------
Melee: Unarmed           ||    16
       Club              ||    14
 Cast: Summon Small Mamm ||    10
Armor: Robe              ||     8
Dodge: Dodged            ||    22

Table legend: (Time is in decaauts)
 A = Elapsed time spent in this place.
 B = Non-inter-level travel time spent in this place.
 C = Inter-level travel time spent in this place.
 D = Time resting spent in this place.
 E = Time spent auto-exploring this place.
 F = Levels seen in this place.
 G = Mean time per level.
                   A        B        C        D        E       F      G
               +--------+--------+--------+--------+--------+-----+--------+
         Total |    642 |    642 |      0 |      0 |    557 |   1 |  642.0 |
       Dungeon |    642 |    642 |      0 |      0 |    557 |   1 |  642.0 |
               +--------+--------+--------+--------+--------+-----+--------+

Top non-repeatable levels by time:
     D:1: 642 daAuts
